 Dungeon Crawl Stone Soup version 0.31.0-11-ge490571c62 (webtiles) character file.

Game seed: 1328032038135917094

1718763 Drazool the Middleweight Champion (level 26, 255/266 HPs)
             Began as a Ghoul Monk on Jan 29, 2024.
             Was the Champion of Ru.
             Escaped with the Orb
             ... and 3 runes on Jan 30, 2024!
             The game lasted 04:40:58 (64596 turns).

Drazool the Middleweight Champion (Ghoul Monk)     Turns: 64596, Time: 04:40:59

Health: 255/266    AC: 51    Str: 27    XL:     26
Magic:  27/27      EV:  6    Int:  9    God:    Ru [******]
Gold:   4439       SH: 26    Dex: 19    Spells: 31/31 levels left

rFire   + +          +
                       - Unarmed
rCold   + + +        r - +6 tower shield
rNeg    + + +        u - +12 gold dragon scales
rPois   ∞            s - +2 hat
rElec   +            g - +0 cloak of Iprailia {Rampage Fly Stlth+}
rCorr   .            a - +2 pair of gloves {hurl}
SInv    +            E - +2 pair of boots "Korown" {^Contam Dex+8}
Will    +....        p - amulet of the acrobat Stlth
                     f - ring "Keejeirph" {rF++ AC+4 Str+3}
HPRegen 0.64/turn    V - ring of Okaemp {rElec rC+ Str-3 SInv}
MPRegen 0.20/turn

%: acrobat, rampage
@: flying
A: claws 1, cold resistance 1, negative energy resistance 3, inhibited
regeneration, torment resistance 2, inability to drink after injury 2, inability
to use devices, inability to train dodging, inexperienced 1, devour on kill
0: Orb of Zot
}: 3/15 runes: barnacled, silver, gossamer
a: Renounce Religion, Draw Out Power, Power Leap, Apocalypse


You escaped.
You worshipped Ru.
Ru was exalted by your worship.
You visited 9 branches of the dungeon, and saw 45 of its levels.
You visited 1 bazaar.
You also visited: Trove, Ossuary and Volcano.

You collected 8715 gold pieces.
You spent 4276 gold pieces at shops.


Innate Abilities, Weirdness & Mutations

You are immune to poison.
You have sharp fingernails.
Your flesh is cold resistant. (rC+)
You are immune to negative energy. (rN+++)
You do not regenerate when monsters are visible.
You are immune to unholy pain and torment.
You sometimes lose the ability to drink potions when taking damage.
You cannot study or use magical devices.
You cannot train Dodging skill.
You are somewhat inexperienced. (-1 XL)
You thrive by killing the living.


   Skills:
 O Level 27 Fighting
 - Level 10.9 Throwing
 + Level 20.6 Armour
 - Level 15.0 Stealth
 - Level 15.7 Shields
 O Level 27 Unarmed Combat
 - Level 3.0 Spellcasting


You had 31 spell levels left.
You didn't know any spells.
Your spell library contained the following spells:

 Spells                   Type           Power      Damage    Failure   Level
 Sandblast                Erth           2%         2d4       100%        1
 Shock                    Conj/Air       4%         1d3       100%        1
 Slow                     Hex            4%         N/A       100%        1
 Call Imp                 Summ           2%         N/A       100%        2
 Cigotuvi's Dreadful Rot  Necr/Alch/Air  2%         N/A       100%        2
 Ensorcelled Hibernation  Hex/Ice        2%         N/A       100%        2
 Jinxbite                 Hex            2%         N/A       100%        2
 Lesser Beckoning         Tloc           2%         N/A       100%        2
 Searing Ray              Conj           2%         2d4       100%        2
 Static Discharge         Conj/Air       2%         3-4/arc   100%        2
 Confusing Touch          Hex            1%         N/A       100%        3
 Dazzling Flash           Conj/Hex       2%         N/A       100%        3
 Fugue of the Fallen      Necr           1%         N/A       100%        3
 Gell's Gravitas          Tloc           1%         N/A       100%        3
 Hailstorm                Conj/Ice       1%         3d5       100%        3
 Mephitic Cloud           Conj/Alch/Air  1%         N/A       100%        3
 Ozocubu's Armour         Ice            1%         N/A       100%        3
 Passwall                 Erth           1%         N/A       100%        3
 Sigil of Binding         Hex            1%         N/A       100%        3
 Stone Arrow              Conj/Erth      2%         3d7       100%        3
 Summon Ice Beast         Ice/Summ       1%         N/A       100%        3
 Swiftness                Air            1%         N/A       100%        3
 Teleport Other           Tloc           1%         N/A       100%        3
 Tukima's Dance           Hex            1%         N/A       100%        3
 Vampiric Draining        Necr           1%         2d6       100%        3
 Airstrike                Air            0%         2d(1-17)  100%        4
 Anguish                  Hex/Necr       0%         N/A       100%        4
 Animate Armour           Summ/Erth      2%         N/A       100%        4
 Brom's Barrelling Bould  Conj/Erth      1%         2d3       100%        4
 Cause Fear               Hex            0%         N/A       100%        4
 Dispel Undead            Necr           1%         3d6       100%        4
 Ignite Poison            Fire/Alch      1%         N/A       100%        4
 Leda's Liquefaction      Alch/Erth      0%         N/A       100%        4
 Manifold Assault         Tloc           1%         N/A       100%        4
 Martyr's Knell           Necr/Summ      1%         N/A       100%        4
 Olgreb's Toxic Radiance  Alch           1%         N/A       100%        4
 Passage of Golubria      Tloc           1%         N/A       100%        4
 Sticky Flame             Fire/Alch      1%         2d4       100%        4
 Vhi's Electric Charge    Tloc/Air       2%         N/A       100%        4
 Alistair's Intoxication  Alch           0%         N/A       100%        5
 Arcjolt                  Conj/Air       0%         1d10      100%        5
 Borgnjor's Vile Clutch   Necr/Erth      0%         N/A       100%        5
 Curse of Agony           Necr           1%         N/A       100%        5
 Fireball                 Conj/Fire      0%         3d3       100%        5
 Freezing Cloud           Conj/Ice/Air   0%         6-21      100%        5
 Iskenderun's Battlesphe  Conj           1%         2d6       100%        5
 Lee's Rapid Deconstruct  Erth           0%         3d4*      100%        5
 Metabolic Englaciation   Hex/Ice        0%         N/A       100%        5
 Silence                  Hex/Air        0%         N/A       100%        5
 Summon Forest            Summ/Tloc      0%         N/A       100%        5
 Summon Mana Viper        Hex/Summ       1%         N/A       100%        5
 Yara's Violent Unravell  Hex/Alch       0%         3d3       100%        5
 Bombard                  Conj/Erth      0%         9d1       100%        6
 Conjure Ball Lightning   Conj/Air       0%         3x3d6     100%        6
 Death Channel            Necr           0%         N/A       100%        6
 Dispersal                Tloc           0%         N/A       100%        6
 Eringya's Noxious Bog    Alch           0%         4d6       100%        6
 Plasma Beam              Fire/Air       0%         2x1d10    100%        6
 Sculpt Simulacrum        Ice/Alch       0%         N/A       100%        6
 Starburst                Conj/Fire      0%         6d3       100%        6
 Summon Cactus Giant      Summ           0%         N/A       100%        6
 Enfeeble                 Hex            0%         N/A       100%        7
 Orb of Destruction       Conj           0%         9d5       100%        7
 Spellforged Servitor     Conj/Summ      0%         N/A       100%        7
 Summon Hydra             Summ           0%         N/A       100%        7
 Lehudib's Crystal Spear  Conj/Erth      0%         10d2      100%        8
 Maxwell's Capacitive Co  Air            0%         ∞         100%        8
 Chain Lightning          Conj/Air       0%         2d1       100%        9
 Sublimation of Blood     Necr           Unusable   N/A       N/A         2
 Borgnjor's Revivificati  Necr           Unusable   N/A       N/A         8

Inventory:

Missiles
 x - 8 throwing nets {=f}
 z - 19 javelins
 M - 10 curare-tipped darts {=f}
 Q - 30 boomerangs (quivered)
 U - 11 silver javelins
Armour
 a - a +2 pair of gloves of hurling (worn)
 g - the +0 cloak of Iprailia (worn) {Rampage Fly Stlth+}
   (You found it on level 1 of the Shoals)

   Fly:       It grants you flight.
   Rampage:   It bestows one free step when moving towards enemies.
   Stlth+:    It makes you more stealthy.
 r - a +6 tower shield (worn)
 s - a +2 hat (worn)
 u - +12 gold dragon scales (worn)
 E - the +2 pair of boots "Korown" (worn) {^Contam Dex+8}
   (You bought it in a shop on level 4 of the Dungeon)

   Dex+8:     It affects your dexterity (+8).
   ^Contam:   It causes magical contamination when unequipped.
Jewellery
 f - the ring "Keejeirph" (left hand) {rF++ AC+4 Str+3}
   (You bought it in a shop on level 12 of the Dungeon)

   [ring of protection]

   AC+4:      It affects your AC (+4).
   Str+3:     It affects your strength (+3).
   rF++:      It greatly protects you from fire.
 p - an amulet of the acrobat (around neck)
 w - a ring of willpower
 C - a ring of protection from cold
 F - a ring of fire
 L - a ring of flight
 V - the ring of Okaemp (right hand) {rElec rC+ Str-3 SInv}
   (You found it in an ossuary)

   [ring of see invisible]

   Str-3:     It affects your strength (-3).
   rC+:       It protects you from cold.
   rElec:     It insulates you from electricity.
   SInv:      It lets you see invisible.
Scrolls
 e - 28 scrolls of identify {@r1}
 h - 4 scrolls of fog
 k - 10 scrolls of poison
 l - a scroll of brand weapon
 m - 6 scrolls of vulnerability
 n - 4 scrolls of blinking
 o - 9 scrolls of teleportation {@r2}
 q - 7 scrolls of immolation
 A - a scroll of summoning
 G - 6 scrolls of noise
 K - a scroll of revelation
 O - 2 scrolls of torment
 X - a scroll of fear
 Z - 4 scrolls of amnesia
Potions
 b - 10 potions of ambrosia
 c - 5 potions of resistance
 d - 7 potions of heal wounds {@q2}
 j - 18 potions of curing {@q1}
 t - 5 potions of brilliance
 y - 8 potions of enlightenment
 B - 5 potions of invisibility
 D - 4 potions of magic
 H - 7 potions of might
 J - a potion of haste {@q3}
 Y - 8 potions of attraction

Dungeon Overview and Level Annotations

Branches:
Dungeon (15/15)            Temple (1/1) D:5            Lair (5/5) D:11
 Shoals (4/4) Lair:3       Spider (4/4) Lair:3        Slime (0/5) Lair:4
    Orc (2/2) D:9             Elf (0/3) Orc:2        Vaults (5/5) D:13
  Crypt (0/3) Vaults:3     Depths (4/4) D:15            Zot (5/5) Depths:4
Ossuary (visited)         Volcano (visited)

Altars:
Ashenzari
Cheibriados
Dithmenos
Fedhas
Gozag
Hepliaklqana
Kikubaaqudgha
Makhleb
Nemelex Xobeh
Okawaru
Qazlal
Ru
Sif Muna
Trog
Uskayaw
Vehumet
Wu Jian
Xom
Yredelemnul

Shops:
D:2 =   D:4 [   D:12 ?(=   Orc:2 ??[   Shoals:3 *   Vaults:1 !   Vaults:2 (
Vaults:3 [   Depths:2 *   Depths:3 *

Portals:
Hell: Depths:1 Depths:2 Depths:3 Depths:4
Abyss: Depths:2 Depths:3
Pandemonium: Depths:2 Depths:4
Ziggurat: Depths:3

Annotations:
D:2 1 runed translucent door, Crazy Yiuf
Spider:4 1 exclusion
Depths:3 3 runed translucent doors, exclusion: obsidian statue, Gucom's ghost, veteran GnFi
Zot:4 3 runed translucent doors, Dawneret's ghost, master GnFi
Zot:5 1 exclusion

#..............#
#..............#
#..####.#####..#
####### #..# #.#
#..# ......#
#..# #.# #..#
......# #..# #.#
#..# ......#
#..####.#####..#
......#
#..........##..#
......#
#.......@..##..#
......#
#..###.........#
......# #..#
#.........#
......# #..#
#.........#
......# #..#
#.....##..#
......###..#
##..####..#
###.....#..#
#..# #..#
.##.....#..#
#..####..#
.##........#
#........#


There were no monsters in sight!


Message History

The hellwing hits you but does no damage.
You hit the hellwing.
The hellwing is heavily wounded.
You block the hellwing's attack. x2
You redirect the hellwing's attack!
The hellwing hits itself but does no damage. x2
A hellion comes into view.
You hit the hellwing.
The hellwing is severely wounded.
You pummel the hellwing!!
You kill the hellwing!
You block the hellwing's attack.
The hellwing hits you but does no damage.
You hit the hellwing.
The hellwing is lightly wounded.
You pulverise the hellwing!!!
You kill the hellwing!
The hellion gestures at you.
The sphere of damnation explodes!
The damnation engulfs you! The hellion gestures at you.
The sphere of damnation explodes!
The damnation engulfs you!
You rampage towards the hellion!
The hellion begins to attack, but is stunned by your conviction!
You rampage towards the hellion!
You punch the hellion!
The hellion is moderately wounded.
You block the hellion's attack.
You pummel the hellion!!
You kill the hellion!
There is a staircase leading out of the dungeon here.
You have escaped!

Skill      XL: |  1  2  3  4  5  6  7  8  9 10 11 12 13 14 15 16 17 18 19 20 21 22 23 24 25 26 |
---------------+-------------------------------------------------------------------------------+-----
Unarmed Combat | 4 5 9 10 13 15 16 19 20 21 23 24 26 27 | 27.0
Armour         | 1 2 3 8 10 13 14 18 20 | 20.6
Fighting       | 4 5 8 10 12 13 15 16 18 19 21 24 27 | 27.0
Evocations     | 2 0 |  0.0
Throwing       | 1 4 5 8 9 10 | 10.9
Dodging        | 5 0 |  0.0
Spellcasting   | 2 3 |  3.0
Stealth        | 6 8 10 15 | 15.0
Shields        | 5 10 13 15 | 15.7

Action                     |  1- 3 |  4- 6 |  7- 9 | 10-12 | 13-15 | 16-18 | 19-21 | 22-24 | 25-27 || total
---------------------------+-------+-------+-------+-------+-------+-------+-------+-------+-------++-------
  Melee: Unarmed           |    77 |   136 |   356 |   759 |   980 |  1353 |  1524 |  1665 |   808 ||  7658
  Throw: Stone             |     6 |       |       |       |       |       |       |       |       ||     6
         Dart              |       |     9 |     5 |   141 |   104 |    26 |     3 |    17 |       ||   305
         Javelin           |       |       |     2 |     4 |    33 |       |     2 |    18 |     9 ||    68
         Boomerang         |       |       |       |       |    55 |   108 |    37 |   108 |    95 ||   403
         Throwing net      |       |       |       |       |       |       |       |     1 |       ||     1
 Invoke: Sacrifice Drink   |       |       |     1 |       |       |       |       |       |       ||     1
         Sacrifice Artific |       |       |     1 |       |       |       |       |       |       ||     1
         Apocalypse        |       |       |       |     6 |    11 |     8 |    10 |     6 |       ||    41
         Sacrifice Experie |       |       |       |     1 |       |       |       |       |       ||     1
         Sacrifice Nimblen |       |       |       |     1 |       |       |       |       |       ||     1
         Draw Out Power    |       |       |       |       |     1 |     1 |       |       |       ||     2
         Power Leap        |       |       |       |       |     1 |     3 |       |       |       ||     4
    Use: Scroll            |     1 |     3 |     6 |    11 |     7 |    13 |     1 |    14 |     5 ||    61
         Potion            |       |     2 |     3 |     3 |     5 |     6 |     5 |    13 |     7 ||    44
   Stab: Distracted        |       |       |     3 |       |     6 |    16 |    13 |    15 |     7 ||    60
         Invisible         |       |       |       |     6 |     9 |    14 |     6 |     7 |     2 ||    44
         Paralysed         |       |       |       |     3 |    13 |    19 |    21 |    12 |     7 ||    75
         Sleeping          |       |       |       |       |       |     8 |    14 |     2 |       ||    24
         Held in net/web   |       |       |       |       |       |       |       |     4 |       ||     4
 Armour: Robe              |    10 |       |       |       |       |       |       |       |       ||    10
         Chain mail        |    17 |    61 |   223 |   210 |       |   536 |   628 |    99 |       ||  1774
         Plate armour      |       |       |       |   272 |   723 |   450 |       |       |       ||  1445
         Scale mail        |       |       |       |       |    29 |       |       |       |       ||    29
         Gold dragon scale |       |       |       |       |       |       |       |   599 |   306 ||   905
  Dodge: Dodged            |    32 |    26 |    74 |   236 |   307 |   329 |   219 |    88 |    51 ||  1362
  Block: Kite shield       |       |       |       |       |       |   282 |   387 |       |       ||   669
         Tower shield      |       |       |       |       |       |       |   386 |   877 |   445 ||  1708

Levels and vault maps discovered:
D:1:      dpeg_arrival_boxes_within_box, layout_rooms
D:2:      layout_basic, serial_shops, nicolae_shop_hallway_plus,
          nicolae_twisty_statue_hallways, uniq_crazy_yiuf_cottage
D:3:      layout_loops_ring
D:4:      layout_loops_cross, serial_shops, shop_statue,
          minmay_misc_feat_nine_boxes, st_stairs_12, uniq_ijyb
D:5:      layout_loops_ring, mainiacjoe_overflow_big_doors,
          minmay_temple_entry_glassed_door
D:6:      layout_rooms, nicolae_ossuary_entry_giza, serial_bayou_crossing
D:7:      layout_loops_ring, minmay_overflow_temple_star_hex, serial_bayou,
          serial_bayou_pond_e, serial_bayou_lagoon_a, serial_bayou_lagoon_b,
          serial_bayou_pond_e
D:8:      layout_basic, mainiacjoe_overflow_cross_hatched,
          hangedman_decor_riveting, kennysheep_just_a_vault
D:9:      layout_cross, gammafunk_temple_overflow_claw,
          grunt_temple_overflow_open, uniq_maurice
D:10:     layout_gridville, minmay_evil_grid
D:11:     cheibrodos_wizards_tower, layout_rooms, erik_lair_orcish_takeover,
          uniq_lodul
D:12:     layout_cave_pools, serial_shops, nicolae_shop_rolling_square, shop,
          shop, fedhas_altar_2, uniq_nessos
D:13:     layout_roguey, erik_vaults_1, uniq_kirke
D:14:     layout_loops_corners, yredelemnul_altar_generic, xom_confusion_cloud
D:15:     hangedman_depths_entry_civil_slaughter, layout_loops_corners,
          nicolae_sextant
Temple:   hellmonk_temple_micro_hex
Lair:1:   layout_chaotic_city
Lair:2:   layout_roguey, infiniplex_staircase_pool_2, serial_bayou_shore_b,
          uniq_prince_ribbit2
Lair:3:   layout_misc_corridors, mainiacjoe_shoals_entry_four_pools,
          nicolae_spider_entry_non_spiders
Lair:4:   layout_hall_layers, minmay_slime_entry_eyes, beast_lair_carwin_6,
          lemuel_fruit_fields, grunt_megastairs_1
Lair:5:   gammafunk_lair_ancient_temple, layout_gridlike,
          chequers_serial_rivers_small_3
Shoals:1: argonaut_golden_fleece, layout_shoals, nicolae_shoals_water_shrine,
          uniq_donald
Shoals:2: layout_shoals, uniq_ilsuiw
Shoals:3: layout_shoals, serial_shops, bzr_firewalk, nicolae_shop_clearance
Shoals:4: shoals_end_grunt_ice, layout_shoals, serial_shops, shop,
          nicolae_shoals_land_atoll
Spider:1: layout_spider_delve
Spider:2: layout_spider_delve
Spider:3: layout_chambers, nicolae_spider_wall_of_niches
Spider:4: grunt_spider_rune_circles, nicolae_spider_circle_web
Orc:1:    layout_caves, nicolae_volcano_entry_vermiform, basic_altar,
          minmay_orc_temple_c
Orc:2:    st_orc_town, layout_caves, uniq_sonja, uniq_rupert
Vaults:1: mu_enter_wizlab_6, dpeg_vaults_hating_casters,
          nicolae_vaults_closet_pinwheel_2, nicolae_vaults_spaceships,
          nicolae_vaults_steering_wheel, v_misc_13, vaults_dpeg_spiral,
          vaults_dpeg_ring, nicolae_vaults_specimen_jars,
          nicolae_vaults_bisected_exclaves, ontoclasm_vaults_ring_square,
          grunt_vaults_funnel, v_alt_pattern_1, layout_vaults_maze_bifur,
          serial_shops, nicolae_lakefront_shop, uniq_nikola
Vaults:2: nicolae_vaults_tangent_ellipses, v_rooms_4, v_misc_4, v_alt_pattern_1,
          hangedman_vaults_stream, nicolae_vaults_ninety_degrees,
          ontoclasm_vaults_decontamination, v_misc_22,
          vaults_room_mumra_shop_pool, dpeg_vaults_monster_box, v_misc_4,
          vaults_room_stairs_pillars, layout_vaults_omnibox,
          nicolae_trove_entry_crystal
Vaults:3: nicolae_vaults_tetromino_T_1, vaults_mumra_minichess,
          nicolae_vaults_double_plus_2, v_misc_32,
          minmay_crypt_entry_simple_corners, hangedman_vaults_slither,
          v_misc_12, nicolae_vaults_weapon_check, v_misc_3,
          nicolae_vaults_tetromino_Z_2, nicolae_vaults_tetromino_L_1,
          nicolae_vaults_diagonal_hallway_9, layout_vaults_big_cross,
          serial_shops, nicolae_shop_back_alley_shop, uniq_frederick,
          uniq_xtahua
Vaults:4: vaults_room_ringed_pool, nicolae_vaults_more_shelving_2,
          nicolae_vaults_murder_corner, nicolae_vaults_storage_closets_1,
          vaults_mumra_chevron, v_misc_3, nicolae_vaults_three_branches,
          ontoclasm_vaults_shuriken, vaults_room_corners,
          nicolae_vaults_heart-shaped_vault, layout_vaults_quadrants,
          uniq_mennas, uniq_boris
Vaults:5: uniq_bai_suzhen
Depths:1: layout_gridlike, hangedman_coc_ice_floe, tso_metal_star
Depths:2: hangedman_cross_stitches, layout_gridlike, nrook_campfire,
          abyss_entry_small_statue_room, grunt_mini_vestibule,
          rand_demon_pan_entry_9, nicolae_transmutations_shop,
          nicolae_lava_and_water, hangedman_abyss_or_decor_slice,
          kennysheep_small_circle, uniq_saint_roka
Depths:3: hangedman_six_sided_sadism, layout_cave_shapes, enter_ziggurat_e,
          ebering_ghost_gozag, hell_entry, glass_columns_c,
          abyss_entry_glasseish, nzn_random_ring, uniq_parghit
Depths:4: grunt_runaround [grunt_runaround_zot, grunt_runaround_doors_1,
          grunt_runaround_doors_2, grunt_runaround_doors_3,
          grunt_runaround_doors_4], pan_entry, hell_entry
Zot:1:    layout_cathedral_of_symmetry, regret_index_zotdec_serpentine_scales,
          drop_trap, hangedman_hellfire_club
Zot:2:    layout_gridlike, hangedman_zot_decor_checkerboard
Zot:3:    kennysheep_spiral_hall, layout_gridlike
Zot:4:    hellmonk_paralyzer, layout_cathedral_of_symmetry,
          gammafunk_ghost_crypt
Zot:5:    layout_twisted_circle

Notes
Turn   | Place    | Note
-------+----------+-------------------------------------------
     0 | D:1      | Drazool the Ghoul Monk began the quest for the Orb.
     0 | D:1      | Reached XP level 1. HP: 19/19 MP: 1/1
   148 | D:1      | Reached XP level 2. HP: 26/26 MP: 2/2
   179 | D:1      | Reached skill level 4 in Unarmed Combat
   831 | D:2      | Reached XP level 3. HP: 31/31 MP: 3/3
  1217 | D:2      | Reached skill level 5 in Unarmed Combat
  1242 | D:2      | Found a runed translucent door.
  1243 | D:2      | Noticed Crazy Yiuf
  1307 | D:2      | Reached skill level 1 in Armour
  1307 | D:2      | Reached XP level 4. HP: 38/38 MP: 4/4
  1322 | D:2      | Found Daegg's Jewellery Shop.
  2016 | D:4      | Noticed Ijyb
  2026 | D:4      | Killed Ijyb
  2027 | D:4      | Reached skill level 2 in Armour
  2087 | D:4      | Reached XP level 5. HP: 34/45 MP: 5/5
  2167 | D:4      | Reached skill level 3 in Armour
  2193 | D:4      | Reached skill level 4 in Fighting
  2231 | D:4      | Found Jazepytz's Antique Armour Shoppe.
  2269 | D:4      | Reached XP level 6. HP: 52/55 MP: 6/6
  2482 | D:4      | Reached skill level 5 in Fighting
  2810 | D:5      | Entered Level 5 of the Dungeon
  2867 | D:5      | Reached skill level 1 in Evocations
  2941 | D:5      | Reached skill level 2 in Evocations
  3105 | D:5      | Identified the +1 leather armour of Immorality {Fly}
  3110 | D:5      | Reached skill level 1 in Throwing
  3110 | D:5      | Reached XP level 7. HP: 61/61 MP: 7/7
  3232 | D:5      | Reached skill level 2 in Throwing
  3257 | D:5      | Found an ornate altar of the Wu Jian Council.
  3260 | D:5      | Found a sparkling altar of Nemelex Xobeh.
  3361 | D:5      | Found a staircase to the Ecumenical Temple.
  3376 | Temple   | Entered the Ecumenical Temple
  3381 | Temple   | Became a worshipper of Ru the Awakened
  3397 | D:5      | Gained mutation: You occasionally lose the ability to drink
                  | potions when taking damage. [Ru sacrifice]
  3397 | D:5      | Gained mutation: You sometimes lose the ability to drink
                  | potions when taking damage. [Ru sacrifice]
  3397 | D:5      | Reached * piety under Ru
  3428 | D:5      | Reached skill level 3 in Throwing
  3598 | D:6      | Found a sand-covered staircase.
  3672 | Ossuary  | Entered an ossuary
  3817 | Ossuary  | Reached skill level 4 in Throwing
  3921 | Ossuary  | Reached XP level 8. HP: 55/68 MP: 8/8
  3932 | Ossuary  | Reached skill level 6 in Unarmed Combat
  4050 | Ossuary  | Reached skill level 7 in Unarmed Combat
  4158 | Ossuary  | Identified the ring of Okaemp {rElec rC+ Str-3 SInv}
  4247 | D:6      | Reached skill level 8 in Unarmed Combat
  4978 | D:7      | Reached skill level 9 in Unarmed Combat
  5445 | D:7      | Reached XP level 9. HP: 74/74 MP: 9/9
  5632 | D:7      | Reached skill level 10 in Unarmed Combat
  5855 | D:7      | Reached skill level 6 in Fighting
  5864 | D:7      | Found a shimmering blue altar of Sif Muna.
  5864 | D:7      | Found a hazy altar of Hepliaklqana.
  5877 | D:7      | Found a broken altar of Ashenzari.
  5880 | D:7      | Found an opulent altar of Gozag.
  6124 | D:8      | Reached skill level 7 in Fighting
  6273 | D:8      | Gained mutation: You cannot study or use magical devices.
                  | [Ru sacrifice]
  6273 | D:8      | Reduced skill Evocations to level 0
  6273 | D:8      | Reached ** piety under Ru
  6273 | D:8      | Reached *** piety under Ru
  6389 | D:4      | Bought a pair of scorched boots for 266 gold pieces
  6389 | D:4      | Identified the +2 pair of boots "Korown" {^Contam Dex+8}
                  | (You bought it in a shop on level 4 of the Dungeon)
  6551 | D:8      | Reached skill level 3 in Dodging
  6582 | D:8      | Reached skill level 4 in Dodging
  6656 | D:8      | Reached skill level 5 in Dodging
  6737 | D:8      | Reached skill level 8 in Fighting
  6737 | D:8      | Reached XP level 10. HP: 77/88 MP: 10/10
  6741 | D:8      | Reached skill level 5 in Throwing
  6774 | D:8      | Found a radiant altar of Vehumet.
  7088 | D:8      | Reached skill level 4 in Armour
  7108 | D:8      | Reached skill level 5 in Armour
  7149 | D:8      | Noticed a boulder beetle
  7162 | D:8      | Killed a boulder beetle
  7385 | D:8      | Reached skill level 11 in Unarmed Combat
  7481 | D:9      | Found a snail-covered altar of Cheibriados.
  7581 | D:9      | Found an ancient bone altar of Kikubaaqudgha.
  7732 | D:9      | Found a hide-covered altar of Uskayaw.
  7957 | D:9      | Noticed Maurice
  7974 | D:9      | Maurice stole 69 gold
  7977 | D:9      | Killed Maurice
  7986 | D:9      | Found a staircase to the Orcish Mines.
  8106 | D:9      | Found a shadowy altar of Dithmenos.
  8106 | D:9      | Found a bloodstained altar of Trog.
  8107 | D:9      | Found a burning altar of Makhleb.
  8195 | D:10     | Entered Level 10 of the Dungeon
  8225 | D:10     | Reached skill level 12 in Unarmed Combat
  8303 | D:10     | Noticed an eight-headed hydra
  8569 | D:10     | Reached XP level 11. HP: 94/94 MP: 11/11
  8591 | D:10     | Got the Disquisition on Grisly Fog
  8645 | D:10     | Gained mutation: You are somewhat inexperienced. (-1 XL)
                  | [Ru sacrifice]
  8645 | D:10     | Reached XP level 10. HP: 88/88 MP: 10/10
  8645 | D:10     | Reached **** piety under Ru
  8645 | D:10     | Reached ***** piety under Ru
  8826 | D:11     | Noticed a cyclops
  8908 | D:10     | Killed an eight-headed hydra
  8909 | D:10     | Reached skill level 13 in Unarmed Combat
  8948 | D:10     | Noticed a green ugly thing
  8959 | D:10     | Killed a green ugly thing
  8960 | D:10     | Reached skill level 9 in Fighting
  8963 | D:10     | Noticed a centaur warrior
  8971 | D:10     | Killed a centaur warrior
  9082 | D:10     | Noticed a deep elf pyromancer
  9086 | D:10     | Killed a deep elf pyromancer
  9087 | D:10     | Reached skill level 10 in Fighting
  9089 | D:10     | Noticed an orc knight
  9098 | D:10     | Killed an orc knight
  9104 | D:10     | Noticed a white ugly thing
  9110 | D:10     | Killed a white ugly thing
  9114 | D:10     | Noticed a brown ugly thing
  9119 | D:10     | Killed a brown ugly thing
  9120 | D:10     | Reached skill level 6 in Armour
  9121 | D:10     | Noticed a deep elf archer
  9141 | D:10     | Killed a deep elf archer
  9257 | D:11     | Killed a cyclops
  9272 | D:11     | Reached skill level 7 in Armour
  9278 | D:11     | Noticed an arcanist
  9283 | D:11     | Noticed an arcanist
  9305 | D:11     | Found a staircase to the Lair.
  9321 | D:11     | Noticed Lodul
  9387 | D:10     | Killed Lodul
  9388 | D:10     | Reached skill level 8 in Armour
  9538 | D:10     | Reached skill level 1 in Spellcasting
  9582 | D:11     | Noticed a boulder beetle
  9594 | D:11     | Killed a boulder beetle
  9595 | D:11     | Reached skill level 2 in Spellcasting
  9595 | D:11     | Reached XP level 11. HP: 92/99 MP: 12/15
  9671 | D:11     | Reached skill level 3 in Spellcasting
  9863 | D:11     | Noticed a boulder beetle
  9903 | D:11     | Killed a boulder beetle
  9904 | D:11     | Reached skill level 14 in Unarmed Combat
 10067 | D:11     | Got the Lectures on the Enchanting Valley
 10143 | Lair:1   | Entered Level 1 of the Lair of Beasts
 10191 | Lair:1   | Noticed a boulder beetle
 10251 | Lair:1   | Killed a boulder beetle
 10449 | Lair:1   | Reached skill level 15 in Unarmed Combat
 10766 | Lair:1   | Gained mutation: You cannot train Dodging skill. [Ru
                  | sacrifice]
 10766 | Lair:1   | Reduced skill Dodging to level 0
 10766 | Lair:1   | Reached ****** piety under Ru
 11419 | Lair:2   | Reached skill level 9 in Armour
 11814 | Lair:2   | Noticed Prince Ribbit
 11829 | Lair:2   | Killed Prince Ribbit
 11830 | Lair:2   | Reached skill level 10 in Armour
 12011 | Lair:2   | Reached XP level 12. HP: 106/106 MP: 16/16
 12023 | Lair:2   | Reached skill level 6 in Throwing
 12439 | Lair:3   | Found a staircase to the Shoals.
 12468 | Lair:3   | Reached skill level 7 in Throwing
 12769 | Lair:3   | Found a hole to the Spider Nest.
 12875 | Lair:3   | Reached skill level 8 in Throwing
 13327 | Lair:4   | Reached skill level 1 in Stealth
 13329 | Lair:4   | Reached skill level 2 in Stealth
 13517 | Lair:4   | Reached skill level 3 in Stealth
 13546 | Lair:4   | Reached skill level 4 in Stealth
 13628 | Lair:4   | Reached skill level 5 in Stealth
 13917 | Lair:4   | Found a staircase to the Slime Pits.
 13936 | Lair:4   | Reached skill level 6 in Stealth
 14171 | Lair:4   | Reached skill level 16 in Unarmed Combat
 14730 | Lair:5   | Entered Level 5 of the Lair of Beasts
 14931 | Lair:5   | Reached XP level 13. HP: 92/104 MP: 8/17
 14992 | Lair:5   | Reached skill level 17 in Unarmed Combat
 15061 | Lair:5   | Reached skill level 18 in Unarmed Combat
 15846 | Lair:5   | Reached skill level 19 in Unarmed Combat
 16088 | Lair:5   | Reached skill level 11 in Fighting
 16400 | Lair:5   | Identified the +9 trident "Nuigimitt" {flame, rElec rPois
                  | rC- Dex+7}
 16806 | Orc:1    | Entered Level 1 of the Orcish Mines
 16879 | Orc:1    | Reached skill level 12 in Fighting
 16938 | Orc:1    | Reached XP level 14. HP: 103/106 MP: 8/18
 17350 | Orc:1    | Reached skill level 13 in Fighting
 17363 | Orc:1    | Found a dark tunnel.
 17372 | Volcano  | Entered a volcano
 17626 | Volcano  | Found a bloodstained altar of Trog.
 18434 | Orc:2    | Entered Level 2 of the Orcish Mines
 18586 | Orc:2    | Noticed Sonja
 18627 | Orc:2    | Killed Sonja
 18628 | Orc:2    | Reached skill level 11 in Armour
 18921 | Orc:2    | Noticed Rupert
 19046 | Orc:2    | Reached skill level 12 in Armour
 19057 | Orc:2    | Paralysed by an orc sorcerer for 3 turns
 19131 | Orc:2    | Paralysed by Rupert for 3 turns
 19134 | Orc:2    | Killed Rupert
 19461 | Orc:2    | Found Bour's Magic Scroll Shoppe.
 19525 | Orc:2    | Found Wimas's Armour Shoppe.
 19609 | Orc:2    | Found a staircase to the Elven Halls.
 19675 | Orc:2    | Found Jaem's Magic Scroll Emporium.
 19684 | Orc:2    | Bought a scroll of identify for 24 gold pieces
 19684 | Orc:2    | Bought a scroll of identify for 24 gold pieces
 19684 | Orc:2    | Bought 3 scrolls of identify for 72 gold pieces
 19684 | Orc:2    | Bought a scroll of poison for 48 gold pieces
 19931 | Spider:1 | Entered Level 1 of the Spider Nest
 20060 | Spider:1 | Reached skill level 13 in Armour
 20953 | Spider:1 | Reached skill level 9 in Throwing
 21328 | Spider:2 | Identified a scroll of acquirement
 21328 | Spider:2 | Acquired 931 gold pieces
 21367 | Spider:2 | Reached XP level 15. HP: 126/135 MP: 19/19
 21495 | Spider:2 | Reached skill level 10 in Throwing
 21984 | Spider:2 | Reached skill level 14 in Fighting
 22805 | Spider:3 | Reached skill level 15 in Fighting
 23166 | Spider:3 | Identified the +4 scimitar of Focus {vamp, rElec Str+2}
 23193 | Spider:3 | Identified a potion of experience
 23195 | Spider:3 | Reached XP level 16. HP: 149/149 MP: 20/20
 23624 | Spider:3 | Reached skill level 16 in Fighting
 24079 | Spider:3 | Reached skill level 20 in Unarmed Combat
 24392 | Spider:4 | Entered Level 4 of the Spider Nest
 25583 | Spider:4 | Reached XP level 17. HP: 158/158 MP: 21/21
 25682 | Spider:4 | Reached skill level 21 in Unarmed Combat
 25745 | Spider:4 | Reached skill level 7 in Stealth
 26233 | Spider:4 | Reached skill level 8 in Stealth
 27566 | Spider:4 | Reached skill level 17 in Fighting
 27797 | Spider:4 | Identified a scarf of resistance
 27834 | Spider:4 | Got a gossamer rune of Zot
 28266 | D:4      | Bought a distressingly furry chain mail for 266 gold pieces
 28266 | D:4      | Identified the +10 chain mail "Cecsud" {Str+2 Slay+3} (You
                  | bought it in a shop on level 4 of the Dungeon)
 28266 | D:4      | Bought an embroidered cloak for 210 gold pieces
 28560 | Shoals:1 | Entered Level 1 of the Shoals
 28620 | Shoals:1 | Identified the +0 cloak of Iprailia {Rampage Fly Stlth+}
 29072 | Shoals:1 | Identified the +2 pair of gloves of the Swan {Str+3 SInv}
 29093 | Shoals:1 | Noticed Donald
 29114 | Shoals:1 | Killed Donald
 29281 | Shoals:1 | Reached skill level 18 in Fighting
 29965 | Shoals:1 | Reached skill level 1 in Shields
 29971 | Shoals:1 | Identified the +0 animal skin of the Turtledove {rCorr
                  | Str+3}
 30332 | Shoals:2 | Noticed Ilsuiw
 30408 | Shoals:2 | Reached skill level 2 in Shields
 30416 | Shoals:2 | Killed Ilsuiw
 30423 | Shoals:2 | Reached skill level 3 in Shields
 31084 | Shoals:3 | Found Wimuk's CLEARANCE SALE!.
 31103 | Shoals:3 | Found a flickering gateway to a bazaar.
 31112 | Bazaar   | Entered a bazaar
 31112 | Bazaar   | Found Bosm's Assorted Antiques.
 31112 | Bazaar   | Found Nitopeho's Book Emporium.
 31113 | Bazaar   | Found Rijastueth's Magic Scroll Shoppe.
 31113 | Bazaar   | Found Notheuhe's Distillery.
 31126 | Bazaar   | Bought a scroll of poison for 36 gold pieces
 31126 | Bazaar   | Bought a scroll of blinking for 67 gold pieces
 31126 | Bazaar   | Bought a scroll of blinking for 67 gold pieces
 31130 | Bazaar   | Bought a potion of haste for 110 gold pieces
 31130 | Bazaar   | Bought a potion of haste for 110 gold pieces
 31139 | Bazaar   | Bought a runed plate armour for 546 gold pieces
 31328 | Shoals:3 | Reached skill level 4 in Shields
 31694 | Shoals:3 | Reached skill level 5 in Shields
 32068 | Shoals:4 | Entered Level 4 of the Shoals
 32135 | Shoals:3 | Reached XP level 18. HP: 91/152 MP: 22/22
 32302 | Shoals:4 | Reached skill level 6 in Shields
 32776 | Shoals:4 | Reached skill level 7 in Shields
 33064 | Shoals:4 | Identified the +0 robe of Zyacoc {Harm Dex+5}
 33349 | Shoals:4 | Identified the staff of the Devouring Enemy {rElec Int-4
                  | Conj Tloc Fire Air}
 33478 | Shoals:4 | Found Cuok Des's Distillery.
 33486 | Shoals:4 | Bought 2 potions of resistance for 440 gold pieces
 33796 | Shoals:4 | Reached skill level 8 in Shields
 34194 | Shoals:4 | Got a barnacled rune of Zot
 34278 | Shoals:4 | Reached skill level 9 in Shields
 34546 | D:12     | Found a blossoming altar of Fedhas.
 34565 | D:12     | Noticed Nessos
 34596 | D:12     | Killed Nessos
 34625 | D:12     | Identified the +0 chain mail "Sikkadgh" {*Corrode rPois
                  | rN+}
 34651 | D:12     | Found Katirph's Antique Weapon Shoppe.
 34693 | D:12     | Found Xatrigh's Magic Scroll Shop.
 34742 | D:12     | Bought a scroll of blinking for 135 gold pieces
 34982 | D:12     | Reached skill level 10 in Shields
 35014 | D:12     | Found Ferujouw's Jewellery Emporium.
 35020 | D:12     | Bought the ring "Keejeirph" {rF++ AC+4 Str+3} for 1202 gold
                  | pieces
 35264 | D:13     | Found a gate to the Vaults.
 35518 | D:13     | Noticed Kirke
 35532 | D:13     | Killed Kirke
 36418 | D:14     | Found a shimmering altar of Xom.
 36569 | D:14     | Found a basalt altar of Yredelemnul.
 36955 | D:15     | Entered Level 15 of the Dungeon
 37238 | D:15     | Found a staircase to the Depths.
 37515 | D:15     | Reached skill level 19 in Fighting
 38061 | Vaults:1 | Entered Level 1 of the Vaults
 38083 | Vaults:1 | Reached XP level 19. HP: 164/165 MP: 23/23
 38148 | Vaults:1 | Noticed Nikola
 38190 | Vaults:1 | Killed Nikola
 38447 | Vaults:1 | Reached skill level 22 in Unarmed Combat
 38480 | Vaults:1 | Paralysed by a sphinx for 2 turns
 38935 | Vaults:1 | Identified the +0 cloak of Past Mistakes {rCorr}
 39334 | Vaults:1 | Found Tamahew's Distillery.
 39343 | Vaults:1 | Bought a potion of heal wounds for 80 gold pieces
 39343 | Vaults:1 | Bought a potion of invisibility for 128 gold pieces
 39343 | Vaults:1 | Bought a potion of enlightenment for 80 gold pieces
 39343 | Vaults:1 | Bought a potion of enlightenment for 80 gold pieces
 39460 | Vaults:1 | Reached skill level 20 in Fighting
 39635 | Vaults:2 | Reached skill level 23 in Unarmed Combat
 40312 | Vaults:2 | Found Fiott's Weapon Shoppe.
 40390 | Vaults:2 | Found a portal to a secret trove of treasure.
 40842 | Vaults:2 | Identified the +8 great mace of Bodily Harmony {elec, rElec
                  | rN++ Str-4 Stlth+}
 40893 | Vaults:2 | Reached skill level 21 in Fighting
 40893 | Vaults:2 | Reached XP level 20. HP: 198/198 MP: 24/24
 41427 | Vaults:3 | Identified the orb "Saveitu" {*channel, rF+}
 41427 | Vaults:3 | Noticed Frederick
 41435 | Vaults:3 | Killed Frederick
 41466 | Vaults:3 | Noticed Xtahua
 41553 | Vaults:3 | Reached skill level 24 in Unarmed Combat
 41557 | Vaults:3 | Killed Xtahua
 41603 | Vaults:3 | Reached skill level 9 in Stealth
 41881 | Vaults:3 | Reached skill level 10 in Stealth
 42006 | Vaults:3 | Found a staircase to the Crypt.
 42185 | Vaults:3 | Identified the +1 robe of Untold Secrets {Rampage Str+8
                  | Int-4}
 42332 | Vaults:3 | Reached skill level 11 in Shields
 42800 | Vaults:3 | Found Qotuk's Antique Armour Shop.
 42804 | Vaults:3 | Bought a pair of masterwork boots for 285 gold pieces
 42804 | Vaults:3 | Identified the +0 pair of boots of Raunkog {rF- Str+4 Int+2
                  | Dex+4} (You bought it in a shop on level 3 of the Vaults)
 42983 | Vaults:3 | Reached skill level 12 in Shields
 43473 | Vaults:4 | Noticed Mennas
 43514 | Vaults:4 | Killed Mennas
 43671 | Vaults:4 | Reached skill level 13 in Shields
 43771 | Vaults:4 | Noticed Boris
 43813 | Vaults:4 | Killed Boris
 43814 | Vaults:4 | Reached XP level 21. HP: 139/190 MP: 22/25
 43831 | Vaults:4 | Found the +1 cloak of Starlight {*Dazzle EV+4 Stlth--}
 43878 | Vaults:4 | Reached skill level 14 in Shields
 45076 | Depths:1 | Entered Level 1 of the Depths
 45229 | Depths:1 | Reached skill level 15 in Shields
 45427 | Depths:1 | Reached skill level 11 in Stealth
 45505 | Depths:1 | Paralysed by a sphinx for 3 turns
 45517 | Depths:1 | Identified the +1 broad axe of Vaac Siuci {heavy, Will+}
 45573 | Depths:1 | Reached skill level 12 in Stealth
 45610 | Depths:1 | Found a gateway to Hell.
 46074 | Depths:2 | Noticed Saint Roka
 46086 | Depths:2 | Killed Saint Roka
 46212 | Depths:2 | Reached skill level 13 in Stealth
 46495 | Depths:1 | Reached skill level 14 in Stealth
 46688 | Depths:2 | Reached skill level 15 in Stealth
 46956 | Depths:2 | Reached XP level 22. HP: 213/213 MP: 26/26
 47173 | Depths:2 | Found a one-way gate to the infinite horrors of the Abyss.
 47319 | Depths:2 | Found a one-way gate leading to the halls of Pandemonium.
 47451 | Depths:2 | Found Jesmef's Changing Room.
 47958 | Depths:3 | Noticed Parghit
 48015 | Depths:3 | Killed Parghit
 48304 | Depths:3 | Reached skill level 25 in Unarmed Combat
 48329 | Depths:3 | Noticed a caustic shrike
 48343 | Depths:3 | Killed a caustic shrike
 48412 | Depths:3 | Identified the +8 orcbow of Xecen {heavy, rCorr}
 48419 | Depths:3 | Paralysed by a vampire knight for 2 turns
 48421 | Depths:3 | Noticed an ancient lich
 48622 | Depths:2 | Killed an ancient lich
 49046 | Depths:3 | Found a one-way gateway to a ziggurat.
 49876 | Depths:3 | Reached skill level 26 in Unarmed Combat
 49931 | Depths:3 | Identified the +2 cloak of a sewer {rN+ Dex+2}
 49971 | Depths:3 | Identified the ring of Bamid {Wiz rElec MP-9 Dex+4}
 50108 | Depths:3 | Identified the staff of the Inferno {rN+ Summ Necro}
 50405 | Depths:3 | Found a runed translucent gate.
 50405 | Depths:3 | Found a runed translucent gate.
 50405 | Depths:3 | Found a runed translucent gate.
 50405 | Depths:3 | Noticed Gucom's ghost (veteran GnFi)
 50406 | Depths:3 | Found an opulent altar of Gozag.
 50406 | Depths:3 | Noticed a dread lich
 50407 | Depths:3 | Found Vubbiak's Assorted Antiques.
 50451 | Depths:4 | Entered Level 4 of the Depths
 50494 | Depths:4 | Noticed a juggernaut
 50518 | Depths:4 | Killed a juggernaut
 50854 | Depths:4 | Noticed a golden dragon
 50859 | Depths:4 | Killed a golden dragon
 50943 | Depths:4 | Noticed Boris
 51171 | Depths:4 | Killed Boris
 51172 | Depths:4 | Reached XP level 23. HP: 203/220 MP: 27/27
 51346 | Depths:4 | Reached skill level 27 in Unarmed Combat
 51374 | Depths:4 | Noticed a caustic shrike
 51375 | Depths:4 | Noticed a caustic shrike
 51378 | Depths:4 | Noticed a caustic shrike
 51378 | Depths:4 | Noticed a caustic shrike
 51379 | Depths:4 | Noticed a caustic shrike
 51452 | Depths:4 | Killed a caustic shrike
 51472 | Depths:4 | Noticed a caustic shrike
 51490 | Depths:4 | Killed a caustic shrike
 51492 | Depths:4 | Killed a caustic shrike
 51492 | Depths:4 | Noticed a caustic shrike
 51502 | Depths:4 | Noticed a caustic shrike
 51515 | Depths:3 | Killed a caustic shrike
 51518 | Depths:3 | Killed a caustic shrike
 51696 | Depths:4 | Noticed a caustic shrike
 51722 | Depths:3 | Killed a caustic shrike
 52201 | Depths:4 | Reached skill level 22 in Fighting
 52459 | Depths:4 | Killed a caustic shrike
 53027 | Depths:4 | Killed a caustic shrike
 53028 | Depths:4 | Reached skill level 23 in Fighting
 53113 | Depths:4 | Found a gate to the Realm of Zot.
 53165 | Depths:4 | Killed a caustic shrike
 53727 | Vaults:5 | Entered Level 5 of the Vaults
 53770 | Vaults:5 | Noticed a dread lich
 53797 | Vaults:5 | Noticed Bai Suzhen
 53797 | Vaults:5 | Identified the +5 quarterstaff of Gebrynk {antimagic,
                  | rPois}
 53823 | Vaults:5 | Killed Bai Suzhen
 53868 | Vaults:5 | Reached skill level 24 in Fighting
 54025 | Vaults:5 | Reached XP level 24. HP: 235/236 MP: 27/27
 54242 | Vaults:5 | Identified the +8 orcbow "Qann" {drain, MP+9}
 54350 | Vaults:5 | Paralysed by a dread lich for 4 turns
 54371 | Vaults:5 | Killed a dread lich
 54372 | Vaults:5 | Reached skill level 25 in Fighting
 54420 | Vaults:5 | Noticed an ancient lich
 54443 | Vaults:5 | Killed an ancient lich
 54609 | Vaults:5 | Reached skill level 26 in Fighting
 54623 | Vaults:5 | Identified the +1 broad axe of Moderation {flame, Fly rPois
                  | Str+3 Stlth-}
 54951 | Vaults:5 | Got the Teachings on the Vehement Grave
 55061 | Vaults:5 | Got Nudoewe's Incunable of Flammable Concoctions
 55076 | Vaults:5 | Got the Catalogue of Conflict
 55098 | Vaults:5 | Got a silver rune of Zot
 55741 | Zot:1    | Entered Level 1 of the Realm of Zot
 56405 | Zot:1    | Noticed an orb of fire
 56418 | Zot:1    | Killed an orb of fire
 56419 | Zot:1    | Reached skill level 27 in Fighting
 57471 | Vaults:2 | You paid a toll of 5 scrolls of fear to enter a treasure
                  | trove
 57472 | Trove    | Entered a treasure trove
 57476 | Trove    | Identified the +9 battleaxe of the Priest {heavy, *Noise
                  | +Blink rElec Dex+5}
 57478 | Trove    | Identified the +10 eveningstar of Iptemal {pain, Int+2}
 57479 | Trove    | Identified the +7 battleaxe of Fyhia {spect, Str+3 Int+3}
 57838 | Zot:2    | Noticed an orb of fire
 57856 | Zot:2    | Killed an orb of fire
 58659 | Zot:2    | Reached skill level 14 in Armour
 58763 | Zot:3    | Reached XP level 25. HP: 257/257 MP: 27/27
 59658 | Zot:3    | Identified a scarf of resistance
 59949 | Zot:3    | Reached skill level 15 in Armour
 60267 | Zot:4    | Identified the +1 kite shield of Lurph {rC- Will++}
 60614 | Zot:4    | Reached skill level 16 in Armour
 60897 | Zot:4    | Noticed a curse toe
 60914 | Zot:4    | Killed a curse toe
 61119 | Zot:4    | Noticed a dread lich
 61128 | Zot:4    | Paralysed by a dread lich for 3 turns
 61132 | Zot:4    | Killed a dread lich
 61237 | Zot:4    | Found a runed translucent gate.
 61238 | Zot:4    | Found a runed translucent gate.
 61238 | Zot:4    | Found an ancient bone altar of Kikubaaqudgha.
 61239 | Zot:4    | Found a runed translucent gate.
 61239 | Zot:4    | Noticed Dawneret's ghost (master GnFi)
 61239 | Zot:4    | Noticed an ancient lich
 61240 | Zot:4    | Noticed an ancient lich
 61240 | Zot:4    | Noticed a dread lich
 61240 | Zot:4    | Noticed a dread lich
 61385 | Zot:4    | Reached skill level 17 in Armour
 61523 | Zot:4    | Noticed a dread lich
 61536 | Zot:4    | Killed a dread lich
 61667 | Zot:5    | Entered Level 5 of the Realm of Zot
 61667 | Zot:5    | Noticed a curse toe
 61675 | Zot:5    | Killed a curse toe
 62389 | Zot:5    | Noticed an orb of fire
 62410 | Zot:5    | Killed an orb of fire
 62411 | Zot:5    | Reached skill level 18 in Armour
 62492 | Zot:5    | Noticed an electric golem
 62539 | Zot:5    | Noticed an orb of fire
 62552 | Zot:5    | Killed an orb of fire
 62562 | Zot:5    | Noticed a dread lich
 62582 | Zot:5    | Killed a dread lich
 62713 | Zot:5    | Noticed a Killer Klown
 62737 | Zot:5    | Killed a Killer Klown
 62738 | Zot:5    | Reached XP level 26. HP: 229/266 MP: 27/27
 62810 | Zot:5    | Noticed an ancient lich
 62838 | Zot:5    | Killed an ancient lich
 62889 | Zot:5    | Reached skill level 19 in Armour
 62946 | Zot:5    | Killed an electric golem
 62957 | Zot:5    | Noticed an orb of fire
 62982 | Zot:5    | Killed an orb of fire
 63218 | Zot:5    | Noticed an electric golem
 63238 | Zot:5    | Killed an electric golem
 63293 | Zot:5    | Noticed an orb of fire
 63331 | Zot:5    | Killed an orb of fire
 63482 | Zot:5    | Noticed an ancient lich
 63511 | Zot:5    | Killed an ancient lich
 63626 | Zot:5    | Identified the +6 broad axe of Lotuirgh {antimagic, rN+
                  | Str+3 Dex+2}
 63676 | Zot:5    | Reached skill level 20 in Armour
 63827 | Zot:5    | Got the Orb of Zot
 63843 | Zot:5    | Noticed Yrype the pandemonium lord
 63867 | Zot:5    | Noticed Ciaxt the pandemonium lord
 64259 | D:14     | Noticed Reopt the pandemonium lord
 64596 | D:$      | Escaped with the Orb!

Vanquished Creatures
  Frederick (Vaults:3)
  4 dread liches
  4 ancient liches
  6 orbs of fire
  Mennas (Vaults:4)
  A juggernaut (Depths:4)
  Xtahua (Vaults:3)
  Parghit (Depths:3)
  Bai Suzhen (Vaults:5)
  5 Killer Klowns (Zot:5)
  Boris (twice) (Vaults:4 Depths:4)
  Saint Roka (Depths:2)
  10 caustic shrikes
  Nikola (Vaults:1)
  12 golden dragons
  2 curse toes
  A bone dragon (Depths:2)
  2 electric golems (Zot:5)
  12 tentacled monstrosities
  Rupert (Orc:2)
  23 Orb Guardians
  4 titans
  3 liches
  A walking divine tome (Depths:3)
  8 quicksilver dragons
  7 sphinxes
  6 death cobs
  An Executioner (D:3)
  3 ancient champions (Depths:3)
  11 storm dragons
  6 tengu reavers
  Kirke (D:13)
  Donald (Shoals:1)
  9 shadow dragons
  Ilsuiw (Shoals:2)
  3 draconian monks
  2 revenants (Vaults:3)
  A draconian knight (Zot:3)
  12 fire giants
  5 protean progenitors
  13 frost giants
  3 iron dragons
  9 emperor scorpions
  2 deep elf sorcerers (Depths:3)
  7 ghost moths
  3 draconian scorchers
  23 vault wardens
  An orc warlord (Vaults:4)
  4 draconian shifters
  5 draconian stormcallers
  A spriggan defender (Depths:4)
  13 stone giants
  2 draconian annihilators
  12 very ugly things
  9 ironbound thunderhulks
  A reaper (Depths:2)
  2 broodmothers (Spider:3)
  25 ironbound preservers
  8 vampire knights
  2 formless jellyfish
  7 black draconians
  3 deep elf demonologists (Vaults:5)
  16 spark wasps
  6 purple draconians
  2 deep elf death magi (Vaults:5)
  5 green draconians
  A lorocyproca (Zot:2)
  3 war gargoyles (Vaults:5)
  Nessos (D:12)
  A deep elf annihilator (Vaults:5)
  6 white draconians
  8 dire elephants (Vaults:2)
  5 red draconians
  5 yellow draconians
  5 merfolk javelineers
  5 merfolk impalers
  A mummy priest (Depths:3)
  15 fire dragons
  22 ettins
  10 yaktaur captains
  An entropy weaver (shapeshifter) (D:13)
  4 rakshasas
  A salamander tyrant (Depths:2)
  8 deep elf high priests
  3 entropy weavers
  28 vault guards
  7 ice dragons
  A hell beast (Depths:2)
  3 radroaches
  3 great orbs of eyes
  5 hydras
  4 ogre magi
  A quicksilver dragon skeleton (Vaults:3)
  2 jorogumos
  19 centaur warriors
  11 ironbound frosthearts
  A peacekeeper (Vaults:3)
  A death knight (D:14)
  2 anacondas (Zot:4)
  13 spriggan air magi
  9 merfolk aquamancers
  3 merfolk avatars
  10 boulder beetles
  2 alligator snapping turtles (Shoals:4)
  A satyr (Shoals:4)
  A two-headed ogre (shapeshifter) (Vaults:5)
  14 two-headed ogres
  A dancing weapon (D:13)
  8 death yaks (Lair:5)
  5 tengu warriors
  3 vampire magi
  10 deep troll shamans
  10 demonic crawlers
  10 deep troll earth magi
  4 occultists
  9 hell knights
  14 spriggan berserkers
  10 spriggans
  5 orc high priests
  A shock serpent (shapeshifter) (Vaults:5)
  A soul eater (D:10)
  Sonja (Orc:2)
  3 skysharks
  12 iron trolls
  3 skeletal warriors (D:13)
  6 pharaoh ants
  A sixfirhy (Depths:3)
  A spark wasp zombie (Depths:1)
  2 salamander mystics (Depths:3)
  A skyshark (shapeshifter) (Vaults:5)
  10 sea snakes
  71 deep trolls
  2 sea snakes (shapeshifter) (Vaults:5)
  Lodul (D:10)
  A mana viper (shapeshifter) (Depths:2)
  A deep troll (shapeshifter) (Depths:3)
  6 flayed ghosts
  3 death drakes (Zot:3)
  12 orb spiders
  An obsidian statue (Volcano)
  9 arcanists
  4 glowing orange brains
  8 phantasmal warriors
  A steelbarb worm (shapeshifter) (Depths:3)
  8 steelbarb worms
  6 lindwurms
  14 harpies
  27 ironbound convokers
  9 orc knights
  A deep elf archer (D:10)
  A harpy (shapeshifter) (Vaults:1)
  2 orc sorcerers
  2 fire giant zombies
  12 necromancers
  A deep elf pyromancer (D:10)
  6 cyclopes
  23 wolf spiders
  16 fauns
  43 ugly things
  16 manticores
  Maurice (D:9)
  2 stone giant zombies
  A frost giant skeleton (Depths:1)
  A tengu skeleton (Vaults:3)
  32 moths of wrath
  A moth of wrath (shapeshifter) (Vaults:2)
  A stone giant skeleton (Vaults:3)
  21 vault sentinels
  3 kobold blastminers (Orc:1)
  12 merfolk sirens
  7 meliai
  25 elephants
  2 human skeletons
  5 black mambas
  A water nymph (shapeshifter) (Vaults:5)
  7 torpor snails
  An eye of devastation (Lair:4)
  8 water nymphs
  12 cane toads
  A kobold demonologist (D:13)
  4 hellions
  A rime drake (Lair:4)
  2 gargoyles
  2 freezing wraiths
  An unseen horror (shapeshifter) (Vaults:2)
  A yaktaur skeleton (Vaults:3)
  2 tengu conjurers
  An efreet (D:14)
  15 komodo dragons
  39 yaktaurs
  A tormentor (D:11)
  10 trolls
  30 merfolk
  12 wind drakes
  13 hornets
  24 blink frogs
  20 tarantellas
  Prince Ribbit (Lair:2)
  3 hellwings (D:1)
  6 polar bears
  5 glass eyes
  26 jumping spiders
  A centaur simulacrum (D:15)
  16 snapping turtles
  20 culicivoras
  7 wyverns
  2 wraiths
  16 water elementals
  14 slime creatures
  An ettin skeleton (Vaults:2)
  A fire elemental (Lair:5)
  55 yaks
  3 golden eyes
  A hog (D:13)
  7 fire bats
  A basilisk (D:10)
  4 steam dragons
  13 wargs
  54 redbacks
  9 vampire mosquitoes
  A chaos spawn (Depths:2)
  9 water moccasins
  2 glowing shapeshifter zombies
  2 acid dragons
  2 hell hounds (Volcano)
  19 orc warriors
  A glowing shapeshifter skeleton (Depths:1)
  2 sky beasts (D:7)
  A human zombie (Vaults:3)
  A black bear (D:5)
  2 ice beasts
  22 ogres
  8 boggarts
  12 centaurs
  8 wolves
  A phantom (D:5)
  2 kobold brigands (D:8)
  6 scorpions
  9 bullfrogs
  8 water moccasin zombies (Ossuary)
  5 wights (D:10)
  A burial acolyte (Ossuary)
  6 killer bees (D:8)
  5 howler monkeys
  8 electric eels
  6 lava snakes
  A human simulacrum (Vaults:2)
  A jelly (D:4)
  3 bombardier beetles
  43 orc priests
  3 gnoll boudas
  2 hounds
  A sleepcap (D:5)
  3 iguanas
  7 hell rats (Lair:5)
  17 orc wizards
  Ijyb (D:4)
  2 bullfrog simulacra (Ossuary)
  A crocodile zombie (Ossuary)
  3 mummies
  18 gnolls
  4 adders
  A white imp (D:8)
  2 adder zombies (Ossuary)
  2 ribbon worms
  2 dart slugs
  96 orcs
  5 bats
  7 endoplasms
  3 giant cockroaches
  12 gnoll zombies (Ossuary)
  4 goblins
  7 hobgoblins
  10 kobolds
  5 quokkas
  A ball python (D:2)
  2 frilled lizards
  A hobgoblin zombie (D:6)
  4 jackal zombies (Ossuary)
  An orc zombie (D:6)
  10 rats
  An aspiring flesh (Zot:4)
2068 creatures vanquished.

Vanquished Creatures (others)
  An Orb Guardian (Zot:5)
  3 quicksilver dragons
  A tengu reaver (Vaults:5)
  A protean progenitor (Zot:3)
  A draconian knight (Zot:4)
  A vault warden (Vaults:5)
  A red draconian (Zot:4)
  A dire elephant (Vaults:3)
  A rakshasa (Depths:3)
  A vault guard (Vaults:2)
  2 centaur warriors
  A demonic crawler (Spider:1)
  A pharaoh ant (Spider:3)
  2 deep trolls
  An ironbound convoker (Vaults:3)
  A harpy (Vaults:1)
  An orc knight (Vaults:4)
  2 moths of wrath
  A cyclops (D:15)
  A black mamba (Lair:5)
  A vault sentinel (Vaults:5)
  2 yaktaurs
  A snapping turtle (Lair:5)
  A jumping spider (Spider:1)
  2 humans (D:13)
  A fire bat (Volcano)
  A redback (Spider:4)
  An orc warrior (Orc:1)
  A bullfrog (Lair:2)
  An orc (Orc:1)
37 creatures vanquished.

Grand Total: 2105 creatures vanquished

Table legend: (Time is in decaauts)
 A = Elapsed time spent in this place.
 B = Non-inter-level travel time spent in this place.
 C = Inter-level travel time spent in this place.
 D = Time resting spent in this place.
 E = Time spent auto-exploring this place.
 F = Levels seen in this place.
 G = Mean time per level.
                   A        B        C        D        E       F      G
               +--------+--------+--------+--------+--------+-----+--------+
         Total |  62124 |  56447 |   5677 |  10269 |  30902 |  49 | 1267.8 |
       Dungeon |  14824 |  12370 |   2454 |   1156 |   8329 |  15 |  988.3 |
        Temple |     10 |      5 |      5 |      0 |      0 |   1 |   10.0 |
          Lair |   6873 |   6057 |    816 |    620 |   3975 |   5 | 1374.6 |
        Shoals |   5657 |   5439 |    218 |   1344 |   2784 |   4 | 1414.2 |
   Spider Nest |   7341 |   7147 |    194 |   2384 |   2920 |   4 | 1835.2 |
  Orcish Mines |   2232 |   2033 |    199 |    553 |    819 |   2 | 1116.0 |
        Vaults |   8361 |   7801 |    560 |    763 |   4683 |   5 | 1672.2 |
        Depths |   8491 |   7517 |    974 |   2272 |   2823 |   4 | 2122.8 |
           Zot |   7306 |   7052 |    254 |    948 |   4194 |   5 | 1461.2 |
        Bazaar |     35 |     35 |      0 |      0 |     15 |   1 |   35.0 |
         Trove |     12 |     12 |      0 |      0 |      0 |   1 |   12.0 |
       Ossuary |    498 |    498 |      0 |    184 |    102 |   1 |  498.0 |
       Volcano |    478 |    478 |      0 |     41 |    257 |   1 |  478.0 |
               +--------+--------+--------+--------+--------+-----+--------+

Top non-repeatable levels by time:
Spider:3: 3169 daAuts
Depths:3: 2728 daAuts
Depths:4: 2395 daAuts
Depths:2: 2070 daAuts
Spider:4: 2049 daAuts
   Zot:5: 2040 daAuts
Vaults:2: 2031 daAuts
  Lair:4: 1837 daAuts
Shoals:4: 1721 daAuts
    D:10: 1699 daAuts
Vaults:3: 1690 daAuts
Vaults:1: 1635 daAuts
Shoals:1: 1536 daAuts
   Zot:1: 1528 daAuts
     D:8: 1523 daAuts

Table legend:
 A = Non-vault XP
 B = Vault XP
 C = Vault XP percentage of total XP
 D = Non-vault monster count
 E = Vault monster count
 F = Vault count percentage of total count
                 A         B        C        D         E       F
            +---------+---------+-------+---------+---------+-------
      Total |  619388 |  652414 |  51.3 |    1260 |     824 |  39.5
            +---------+---------+-------+---------+---------+-------
        D:1 |      16 |       0 |   0.0 |      10 |       0 |   0.0
        D:2 |      50 |       0 |   0.0 |      20 |       0 |   0.0
        D:3 |      47 |       0 |   0.0 |      19 |       0 |   0.0
        D:4 |     215 |      78 |  26.6 |      26 |       2 |   7.1
        D:5 |     502 |       0 |   0.0 |      14 |       0 |   0.0
        D:6 |     318 |      20 |   5.9 |       4 |       3 |  42.9
        D:7 |     820 |       0 |   0.0 |      18 |       0 |   0.0
        D:8 |    3652 |     838 |  18.7 |      41 |       1 |   2.4
        D:9 |     189 |     532 |  73.8 |       7 |       1 |  12.5
       D:10 |    2209 |    5742 |  72.2 |      18 |      10 |  35.7
       D:11 |    2905 |    2846 |  49.5 |      11 |      19 |  63.3
       D:12 |    9611 |     995 |   9.4 |      29 |       1 |   3.3
       D:13 |    8672 |    3302 |  27.6 |      18 |       4 |  18.2
       D:14 |    5930 |    6010 |  50.3 |      11 |      14 |  56.0
       D:15 |   11939 |    3446 |  22.4 |      31 |       5 |  13.9
     Lair:1 |    5457 |       0 |   0.0 |      25 |       0 |   0.0
     Lair:2 |    4358 |     834 |  16.1 |      23 |       3 |  11.5
     Lair:3 |    3145 |    2117 |  40.2 |      13 |      11 |  45.8
     Lair:4 |   10128 |    3890 |  27.8 |      23 |      12 |  34.3
     Lair:5 |   22652 |    8779 |  27.9 |      67 |      22 |  24.7
   Shoals:1 |   17544 |    8484 |  32.6 |      38 |      13 |  25.5
   Shoals:2 |    2569 |    5026 |  66.2 |       6 |       6 |  50.0
   Shoals:3 |    8582 |     536 |   5.9 |      23 |       2 |   8.0
   Shoals:4 |   18611 |   14646 |  44.0 |      41 |      26 |  38.8
   Spider:1 |   15305 |       0 |   0.0 |      39 |       0 |   0.0
   Spider:2 |   12369 |       0 |   0.0 |      36 |       0 |   0.0
   Spider:3 |   32138 |    4844 |  13.1 |      68 |      10 |  12.8
   Spider:4 |   16049 |   17901 |  52.7 |      33 |      37 |  52.9
      Orc:1 |    5183 |    8542 |  62.2 |      48 |      46 |  48.9
      Orc:2 |    1996 |   13169 |  86.8 |      30 |      53 |  63.9
   Vaults:1 |   25098 |   23583 |  48.4 |      36 |      28 |  43.8
   Vaults:2 |   22539 |   32897 |  59.3 |      30 |      46 |  60.5
   Vaults:3 |   28778 |   37242 |  56.4 |      49 |      45 |  47.9
   Vaults:4 |   24373 |   28894 |  54.2 |      38 |      28 |  42.4
   Vaults:5 |   28359 |  109824 |  79.5 |      33 |      97 |  74.6
   Depths:1 |   41041 |    1052 |   2.5 |      56 |       1 |   1.8
   Depths:2 |   49547 |   24882 |  33.4 |      62 |      27 |  30.3
   Depths:3 |   20118 |   66357 |  76.7 |      26 |      66 |  71.7
   Depths:4 |    4297 |   90118 |  95.4 |       6 |      76 |  92.7
      Zot:1 |   20225 |    4218 |  17.3 |      17 |       6 |  26.1
      Zot:2 |   24092 |       0 |   0.0 |      17 |       0 |   0.0
      Zot:3 |   29749 |    6903 |  18.8 |      30 |       6 |  16.7
      Zot:4 |   45511 |   18222 |  28.6 |      41 |      10 |  19.6
      Zot:5 |   32500 |   90775 |  73.6 |      29 |      38 |  56.7
    Ossuary |       0 |     842 | 100.0 |       0 |      32 | 100.0
    Volcano |       0 |    4028 | 100.0 |       0 |      17 | 100.0
            +---------+---------+-------+---------+---------+-------
